 Dungeon Crawl Stone Soup version 0.28-a0-1447-ga5a8893891 (webtiles) character file.

Game seed: 18234452728556903366

1051 shadowrider38 the Skirmisher (level 8, -2/70 HPs)
             Began as a Purple Draconian Transmuter on Jan 11, 2022.
             Was an Initiate of Okawaru.
             Slain by an orc (4 damage)
             ... on level 5 of the Dungeon.
             The game lasted 00:16:40 (8549 turns).

shadowrider38 the Skirmisher (DrTm)                 Turns: 8549, Time: 00:16:46

Health: -2/70      AC:  2    Str: 12    XL:     8   Next: 5%
Magic:  9/11       EV: 23    Int: 16    God:    Okawaru [......]
Gold:   320        SH:  0    Dex: 17    Spells: 7/11 levels left

rFire   . . .      SeeInvis .     - Unarmed
rCold   . . .      Faith    .   (shield currently unavailable)
rNeg    + . .      Spirit   .   (armour unavailable)
rPois   x          Reflect  .   (helmet currently unavailable)
rElec   .          Harm     .   (cloak currently unavailable)
rCorr   .          Rampage  .   (gloves currently unavailable)
Will    +....                   (boots currently unavailable)
Stlth   ++........              (no amulet)
HPRegen 0.21/turn               i - ring of positive energy
MPRegen 0.12/turn               m - +4 ring of evasion

@: spider-form (expiring), slowed, very slow
A: venomous fangs, (breathe power), AC +6, tiny, unfitting armour,
(cold-blooded)
a: End Transformation, Renounce Religion


You were on level 5 of the Dungeon.
You worshipped Okawaru.
Okawaru was noncommittal.
You were a venomous arachnid creature.
You visited 2 branches of the dungeon, and saw 6 of its levels.

You collected 320 gold pieces.

Inventory:

Hand Weapons
 a - a +0 morningstar of flaming
 k - a +3 dagger
Missiles
 e - 204 stones
 q - 26 poisoned darts
Jewellery
 i - a ring of positive energy (left front leg)
 m - a +4 ring of evasion (right front leg)
Wands
 u - a wand of iceblast (2)
 w - a wand of flame (10)
 y - a wand of acid (7)
Scrolls
 b - a scroll of magic mapping {unknown}
 c - a scroll of blinking {unknown}
 d - a scroll of amnesia {unknown}
 g - a scroll of fog
 h - a scroll of summoning {unknown}
 l - a scroll of immolation
 o - a scroll of teleportation {unknown}
 t - 2 scrolls of silence {unknown}
 v - a scroll of acquirement {unknown}
 x - a scroll of identify
Potions
 f - 2 potions of heal wounds {unknown}
 j - a potion of haste {unknown}
 n - a potion of resistance
 p - a potion of curing
 r - a potion of invisibility {unknown}
 s - 2 potions of attraction {unknown}


   Skills:
 - Level 6.0 Fighting
 - Level 1.7 Dodging
 - Level 6.0 Unarmed Combat
 - Level 2.4 Spellcasting
 + Level 5.9 Transmutations
 + Level 0.1 Evocations


You had 7 spell levels left.
You knew the following spells:

 Your Spells              Type           Power      Damage    Failure   Level
a - Beastly Appendage     Tmut           40%        N/A       8%          1
b - Spider Form           Tmut/Pois      11%        N/A       38%         3

Your spell library contained the following spells:

 Spells                   Type           Power      Damage    Failure   Level
 Wereblood                Tmut           20%        N/A       10%         2
 Ice Form                 Ice/Tmut       11%        N/A       73%         4


Dungeon Overview and Level Annotations

Branches:
Dungeon (5/15)             Temple (1/1) D:5

Altars:
Ashenzari
Cheibriados
Dithmenos
Elyvilon
Gozag
Hepliaklqana
Kikubaaqudgha
Nemelex Xobeh
Okawaru
Qazlal
Ru
Trog
Uskayaw
Vehumet
Wu Jian
Xom
Yredelemnul
The Shining One

Annotations:
D:4 3 runed translucent doors, derath95's ghost, amateur DrEE
D:5 Menkaure


Innate Abilities, Weirdness & Mutations

You are a venomous arachnid creature.
You have poisonous fangs.
You are tiny and dextrous.
Your spellcasting is less reliable in this form.
Your armour is entirely melded.
You are incapable of wielding weapons or throwing items.
((You can breathe bolts of dispelling energy.))
((Your rich purple scales are hard. (AC +6)))
You cannot fit into any form of body armour.
((You are cold-blooded and may be slowed by cold attacks.))


Message History

The hound zombie misses you. The orc priest misses you.
The orc closely misses you. The wraith completely misses you.
You barely miss the orc.
The orc priest hits you with a +0 dagger.
The orc hits you from afar with the +8 trident of the Jumping Jester {vorpal, rElec Str+4 Dex+2 Stlth+}.
You hit the orc.
The orc is poisoned.
The orc is lightly wounded.
The wraith hits you. The wraith drains your vigour!
You feel yourself slow down.
The orc priest casts a cantrip, but nothing happens.
The orc completely misses you. The orc closely misses you.
You hit the orc.
The orc looks as sick as possible!
The orc is heavily wounded.
You kill the orc!
Okawaru accepts your kill. The wraith barely misses you.
The orc priest barely misses you.
The orc hits you from afar with the +8 trident of the Jumping Jester {vorpal, rElec Str+4 Dex+2 Stlth+}!
The wraith closely misses you.
You bite the orc!
You kill the orc!
Okawaru accepts your kill.
The orc priest hits you with a +0 dagger.
The orc hits you from afar with the +8 trident of the Jumping Jester {vorpal, rElec Str+4 Dex+2 Stlth+}!
* * * LOW HITPOINT WARNING * * *
x2 The wraith completely misses you.
Unknown command.
Unknown command.
Okay, then.
Unknown command.
Unknown command.
Unknown command.
Unknown command.
Unknown command.
It was a potion of curing.
You feel better.
Your transformation is almost over.
The orc priest miscasts a cantrip.
The hound zombie completely misses you.
The orc hits you from afar with the +8 trident of the Jumping Jester {vorpal, rElec Str+4 Dex+2 Stlth+}!
* * * LOW HITPOINT WARNING * * *
You die...

.....
.....##########
..........?....
.............
............
#..........
#.Woo......
#.sZ.......
#####......
.<... .o.. ...
.. .
###########


You could see a wraith, an orc priest, an orc and a hound zombie.

Vanquished Creatures
  A water moccasin (D:5)
  An ice beast (D:5)
  A necrophage (D:4)
  An ogre (D:4)
  A phantom (D:4)
  2 kobold brigands (D:3)
  A scorpion (D:3)
  A howler monkey (D:3)
  An orc priest (D:4)
  A hound (D:5)
  Terence (D:3)
  2 iguanas (D:5)
  An orc wizard (D:4)
  A hound zombie (D:5)
  4 gnolls (D:3)
  7 adders
  An adder skeleton (D:4)
  4 worms
  A dart slug (D:3)
  13 orcs
  6 ball pythons
  7 endoplasms
  A giant cockroach (D:2)
  4 goblins
  10 hobgoblins
  4 jackals (D:4)
  15 kobolds
  2 quokkas
  4 bats
  6 frilled lizards
  6 rats
111 creatures vanquished.

Notes
Turn   | Place    | Note
-------+----------+-------------------------------------------
     0 | D:1      | shadowrider38 the Draconian Transmuter began the quest for
                  | the Orb.
     0 | D:1      | Reached XP level 1. HP: 16/16 MP: 3/3
   765 | D:1      | Reached XP level 2. HP: 24/24 MP: 3/5
  1795 | D:2      | Reached XP level 3. HP: 25/30 MP: 4/6
  2799 | D:2      | Reached XP level 4. HP: 38/38 MP: 5/7
  2819 | D:2      | Found a faded altar of an unknown god.
  2947 | D:3      | Noticed a scorpion
  3211 | D:3      | Found a basalt altar of Yredelemnul.
  3829 | D:3      | Noticed Terence
  3844 | D:3      | Killed Terence
  3845 | D:3      | Reached XP level 5. HP: 38/46 MP: 6/8
  4172 | D:3      | Found an ornate altar of the Wu Jian Council.
  4306 | D:3      | Reached XP level 6. HP: 13/53 MP: 9/9
  5006 | D:3      | Found a white marble altar of Elyvilon.
  5054 | D:3      | Found a glowing golden altar of the Shining One.
  5103 | D:3      | Found a hazy altar of Hepliaklqana.
  5129 | D:3      | Found a hide-covered altar of Uskayaw.
  5493 | D:3      | Reached skill level 5 in Fighting
  5623 | D:5      | Entered Level 5 of the Dungeon
  5623 | D:5      | Noticed Menkaure
  5939 | D:4      | Reached skill level 5 in Unarmed Combat
  6161 | D:4      | Your scales start taking on a rich purple colour.
  6161 | D:4      | Reached XP level 7. HP: 61/61 MP: 10/10
  6565 | D:4      | Found a runed translucent gate.
  6565 | D:4      | Found a runed translucent gate.
  6567 | D:4      | Found a runed translucent gate.
  6569 | D:4      | Noticed derath95's ghost (amateur DrEE)
  6662 | D:4      | Learned a level 3 spell: Spider Form
  7435 | D:5      | Found a staircase to the Ecumenical Temple.
  7492 | D:5      | Reached skill level 5 in Transmutations
  7919 | D:5      | Reached XP level 8. HP: 68/70 MP: 9/11
  8056 | Temple   | Entered the Ecumenical Temple
  8419 | Temple   | Became a worshipper of Warmaster Okawaru
  8532 | D:5      | Identified the +8 trident of the Jumping Jester {vorpal,
                  | rElec Str+4 Dex+2 Stlth+}
  8549 | D:5      | HP: 2/70 [orc (13)]
  8549 | D:5      | Slain by an orc

Illustrated notes

Levels and vault maps discovered:
D:1:      zelgadis_glass_arrival_small, layout_loops_corners
D:2:      layout_loops_ring, nicolae_ecumenical_oubliette,
          kennysheep_generic_room_4
D:3:      cheibrodos_thug_alley, layout_loops_corners,
          nicolae_overflow_crystal_walls, mainiacjoe_overflow_catwalk,
          nicolae_overflow_quartered_altars, uniq_terence
D:4:      layout_rooms, gammafunk_ghost_necromancy, kennysheep_small_square
D:5:      layout_basic, minmay_temple_entry_wispy,
          minmay_fractal_squares_gapless_5, uniq_sigmund, uniq_menkaure
Temple:   minmay_temple_forest_path

Skill      XL: |  1  2  3  4  5  6  7 |
---------------+----------------------+-----
Fighting       | 2 3 4 5 6 |  6.0
Unarmed Combat | 4 5 6 |  6.0
Transmutations | 4 5 |  5.9
Dodging        | |  1.7
Spellcasting   | |  2.4
Evocations     | |  0.1

Action                   |  1- 3 |  4- 6 |  7- 9 || total
-------------------------+-------+-------+-------++-------
Melee: Unarmed           |   104 |   166 |    92 ||   362
       Kick              |    20 |    46 |    20 ||    86
       Tailslap          |     9 |    16 |    10 ||    35
       Punch             |     3 |     3 |     5 ||    11
       Headbutt          |    10 |    20 |    14 ||    44
Throw: Stone             |       |     1 |       ||     1
 Cast: Beastly Appendage |    23 |    32 |     8 ||    63
       Spider Form       |       |       |     3 ||     3
 Abil: Breathe Dispellin |       |       |     3 ||     3
  Use: Scroll            |       |     3 |     1 ||     4
       Potion            |       |       |     1 ||     1
 Stab: Sleeping          |     1 |       |     1 ||     2
Armor: Skin              |    23 |    35 |    18 ||    76
Dodge: Dodged            |    52 |    93 |    84 ||   229

Table legend: (Time is in decaauts)
 A = Elapsed time spent in this place.
 B = Non-inter-level travel time spent in this place.
 C = Inter-level travel time spent in this place.
 D = Time resting spent in this place.
 E = Time spent auto-exploring this place.
 F = Levels seen in this place.
 G = Mean time per level.
                   A        B        C        D        E       F      G
               +--------+--------+--------+--------+--------+-----+--------+
         Total |   8539 |   8160 |    379 |   3228 |   3767 |   6 | 1423.2 |
       Dungeon |   8153 |   7825 |    328 |   3228 |   3446 |   5 | 1630.6 |
        Temple |    385 |    334 |     51 |      0 |    321 |   1 |  385.0 |
               +--------+--------+--------+--------+--------+-----+--------+

Top non-repeatable levels by time:
     D:3: 2521 daAuts
     D:4: 1799 daAuts
     D:1: 1727 daAuts
     D:2: 1401 daAuts
     D:5: 703 daAuts
  Temple: 385 daAuts
